 Dungeon Crawl Stone Soup version 0.16-a0-791-gf1c67de (webtiles) character file.

144 RobertPalmer the Cudgeler (level 5, -1/45 HPs)
             Began as an Ogre Wizard on Sept 28, 2014.
             Succumbed to an orc wizard's poison
             ... on Level 2 of the Dungeon.
             The game lasted 00:11:25 (4447 turns).

RobertPalmer the Cudgeler (Ogre Wizard)             Turns: 4447, Time: 00:11:25

HP  -1/45        AC  4     Str 17      XL: 5   Next: 26%
MP   4/11        EV 10     Int 22      God:
Gold 209         SH  0     Dex  9      Spells:  4 memorised,  4 levels left

rFire  + . .     SeeInvis +     a - +0 hammer
rCold  + . .     Clarity  .     h - +0 robe
rNeg   . . .     rCorr    +     (shield restricted)
rPois  +         rRot     .     b - +0 hat
rElec  +         Spirit   .     x - +0 cloak
SustAb .         Warding  .     (gloves unavailable)
rMut   .         Stasis   .     (boots unavailable)
Gourm  .                        (no amulet)
MR     .....                    (no ring)
                                k - ring of see invisible

@: mighty, brilliant, lethally poisoned, resistant, very slightly contaminated,
invisible, not resistant to hostile enchantments, very unstealthy
A: unfitting armour, tough skin 1
a: no special abilities


You were on level 2 of the Dungeon.
You were hungry.

You visited 1 branch of the dungeon, and saw 3 of its levels.

You collected 209 gold pieces.


Innate Abilities, Weirdness & Mutations

You are too large for most types of armour.
You have tough skin (AC +1).


   Skills:
 + Level 4.0 Maces & Flails
 - Level 3.7 Dodging
 - Level 1.5 Stealth
 - Level 3.6 Spellcasting
 - Level 0.6 Conjurations
 - Level 0.6 Summonings
 - Level 0.6 Translocations


You had 4 spell levels left.
You knew the following spells:

 Your Spells              Type           Power        Failure   Level  Hunger
b - Blink                 Tloc           N/A          1%          2    #......
d - Repel Missiles        Chrm/Air       ###...       2%          2    #......
x - Call Imp              Summ           ###.....     1%          2    #......
z - Magic Dart            Conj           ###.         1%          1    None

Inventory:

Hand weapons
 a - a +0 hammer (weapon)
 y - a +4 quarterstaff of chaos
Missiles
 j - 2 tomahawks of dispersal (quivered)
Armour
 b - a +0 hat (worn)
 h - a +0 robe (worn)
 x - a +0 cloak (worn)
Comestibles
 d - 2 meat rations
 g - 5 bread rations
 w - 3 fruits
Scrolls
 i - a scroll of magic mapping {unknown}
 l - a scroll of amnesia {unknown}
 m - a scroll of immolation {unknown}
 o - a scroll of enchant armour {unknown}
 q - a scroll of random uselessness {unknown}
 r - 3 scrolls of remove curse {unknown}
 s - 3 scrolls of identify
 t - a scroll of noise {unknown}
 u - a scroll of recharging {unknown}
 v - 2 scrolls of fog {unknown}
 D - a scroll of teleportation {unknown}
Jewellery
 k - a ring of see invisible (left hand)
 C - an uncursed ring of stealth {unknown}
Books
 c - a book of Minor Magic

Dungeon Overview and Level Annotations

Branches:
Dungeon (3/15)

Altars:

#.# ### #.# ##.## #.#
##.#.## ####.#
#.###.######....#
.##........>....##
....#.####.......#
##.#.## #.......#####
##.## #......@5>..#
##########...#####.#
#............# #.#
#.#########..# #.# #.#
###..# #.#
###.#######....## #.#
.........##.#...## #.#
###.####.##.##...###.#
###.####.##.#..#.<##.#


You could see a friendly crimson imp.


Message History

* * * LOW HITPOINT WARNING * * *
You feel sick.
Unknown command.
* * * LOW HITPOINT WARNING * * *
You feel sick.
Things that are here:
a dagger of venom; a robe Drink which item? (? for menu, Esc to quit)
You fade into invisibility!
It was a potion of invisibility.
* * * LOW HITPOINT WARNING * * *
You feel sick.
Drink which item? (? for menu, Esc to quit)
You feel protected.
It was a potion of resistance.
* * * LOW HITPOINT WARNING * * *
You feel sick.
Drink which item? (? for menu, Esc to quit)
You feel your dexterity returning.
It was a potion of restore abilities.
* * * LOW HITPOINT WARNING * * *
You feel sick.
Drink which item? (? for menu, Esc to quit)
You feel very mighty all of a sudden.
It was a potion of might.
* * * LOW HITPOINT WARNING * * *
You feel sick.
Drink which item? (? for menu, Esc to quit)
You feel clever all of a sudden.
It was a potion of brilliance.
You die...

Action                   |  1- 3 |  4- 6 || total
-------------------------+-------+-------++-------
Melee: Club              |   207 |       ||   207
       Hammer            |       |    90 ||    90
Throw: Tomahawk          |     3 |       ||     3
 Cast: Magic Dart        |     4 |    12 ||    16
       Call Imp          |    12 |    19 ||    31
  Use: Potion            |     1 |     9 ||    10
       Scroll            |     1 |       ||     1
 Stab: Sleeping          |     1 |     1 ||     2
  Eat: Chunk             |     6 |     6 ||    12

Vault maps used:
D:1:      scummos_arrival_simple_crosswalls, st_stairs_13, eino_curves_01,
          serial_park_tiny_pond, nrook_loot_triangle
D:2:      serial_park_square1, roderic_st_hans_cross, uniq_crazy_yiuf_cottage
D:3:      first_bread, uniq_iyjb

Notes
Turn   | Place    | Note
--------------------------------------------------------------
     0 | D:1      | RobertPalmer, the Ogre Wizard, began the quest for the Orb.
     0 | D:1      | Reached XP level 1. HP: 16/16 MP: 4/4
   131 | D:1      | Reached skill level 2 in Dodging
   656 | D:1      | Reached XP level 2. HP: 18/24 MP: 6/6
   762 | D:1      | Learned a level 2 spell: Blink
   765 | D:1      | Learned a level 2 spell: Call Imp
   768 | D:1      | Learned a level 2 spell: Repel Missiles
  1359 | D:1      | Reached skill level 3 in Dodging
  1534 | D:1      | Reached XP level 3. HP: 24/31 MP: 8/8
  2968 | D:2      | Noticed Crazy Yiuf
  3006 | D:2      | Killed Crazy Yiuf
  3006 | D:2      | Reached XP level 4. HP: 39/39 MP: 0/10
  3219 | D:2      | Reached skill level 1 in Maces & Flails
  3421 | D:3      | Reached skill level 2 in Maces & Flails
  3688 | D:3      | Noticed Ijyb
  3729 | D:3      | Killed Ijyb
  3729 | D:3      | Reached skill level 3 in Maces & Flails
  4216 | D:3      | Reached XP level 5. HP: 32/45 MP: 11/11
  4441 | D:2      | Reached skill level 4 in Maces & Flails
  4443 | D:2      | HP: 4/45 [poisoned by an orc wizard]
  4444 | D:2      | Identified a potion of resistance
  4445 | D:2      | HP: 1/45 [poisoned by an orc wizard]
  4447 | D:2      | Succumbed to an orc wizard's poison

Vanquished Creatures
  Crazy Yiuf (D:2)
  An orc wizard (D:2)
  4 giant geckos
  3 orcs (D:3)
  8 bats
  2 giant cockroaches
  8 hobgoblins
  2 ball pythons
  A giant newt (D:3)
  4 goblins
  2 jackals (D:2)
  6 kobolds
  16 rats
58 creatures vanquished.

Vanquished Creatures (collateral kills)
  Ijyb (D:3)
  5 adders
  An orc (D:3)
  A giant cockroach (D:2)
  2 hobgoblins
  3 jackals (D:2)
  2 kobolds (D:2)
15 creatures vanquished.

Vanquished Creatures (others)
  3 crimson imps (D:2)
  A shadow imp (D:2)
  3 white imps
7 creatures vanquished.

Grand Total: 80 creatures vanquished
